cohdb
Replays
Latest Replays
All Replays
Popular Replays
Top Player Replays
Match Explorer
How It Works
Community
CoH3 Stats
Reddit
Sign in to upload your games and track your stats! →
Sign in with Steam
Match 47037105
Unlisted
Match 47037105
Overview
Messages
Build Orders
End
Kradschützen Motorcycle Team
Selects Battlefield Espionage Battlegroup
Selects Battlefield Espionage Battlegroup
Selects Battlefield Espionage Battlegroup
Selects Sector Subterfuge Beacon
Panzergrenadier Squad
250 Light Carrier
Panzergrenadier Squad
Construct Light Support Kompanie
Selects Transfer Depots
2.5-tonne Medical Truck
Combat Half-tracks
Panzerjäger Mechanized Group
Fire Support Elements
Selects Disruption Operation
Disruption Operation
Flakvierling Half-track
Veteran Squad Leaders
Assault Grenadier Squad
Vehicle Survival Package
2.5-tonne Medical Truck
Construct Mechanized Kompanie
Marder III Tank Destroyer
Emergency Repair Kits
Disruption Operation
水银灯
KMS Prinz Eugen
Alika-v
Kanna Scarlet
Macho Man Randy Savage
GODOKGAME
Stock is best property
jaws2005
0
0
Comments
sign in to comment!
No comments posted yet!